 Dungeon Crawl Stone Soup version 0.26-a0-771-g060e6a62af (webtiles) character file.

Game seed: 1249561359457098704

26777 Chiseanne the Thaumaturge (level 13, -2/95 HPs)
             Began as a Demonspawn Hedge Wizard on Nov 8, 2020.
             Was a High Priest of Vehumet.
             Shot with an arrow by a centaur warrior (11 damage)
             ... on level 13 of the Dungeon.
             The game lasted 00:58:21 (18336 turns).

Chiseanne the Thaumaturge (DsWz)                   Turns: 18336, Time: 00:58:22

Health: -2/95      AC:  8    Str: 10    XL:     13   Next: 0%
Magic:  0/37       EV: 12    Int: 22    God:    Vehumet [*****.]
Gold:   136        SH: 12    Dex: 12    Spells: 9/35 levels left

rFire    + . .     SeeInvis .   a - +5 dagger (freeze)
rCold    . . .     Faith    .   o - +1 buckler
rNeg     . . .     Spirit   +   h - +2 leather armour {rF+}
rPois    .         Reflect  +   c - +0 hat
rElec    .         Harm     .   E - +0 cloak (curse)
rCorr    .         Rampage  .   I - +0 pair of gloves
MR       .....                  H - +0 pair of boots
Stlth    ++........             f - amulet of reflection
HPRegen  0.25/turn              F - ring of magical power
MPRegen  0.50/turn              M - ring of wizardry

@: about to teleport
A: claws 2, spiny 2, magic shield, magic regeneration, sturdy frame 2
a: Renounce Religion


You were on level 13 of the Dungeon.
You worshipped Vehumet.
Vehumet was extremely pleased with you.
You visited 1 branch of the dungeon, and saw 13 of its levels.

You collected 728 gold pieces.
You spent 592 gold pieces at shops.

Inventory:

Hand Weapons
 a - a +5 dagger of freezing (weapon)
 s - a +1 dagger of venom
 w - a +0 hunting sling
 y - a +2 mace of protection
 G - a +0 short sword of speed
 X - a +2 scimitar of electrocution
 Y - a +2 scimitar of flaming
Missiles
 g - 2 atropa-tipped darts
 i - 112 sling bullets
 l - 25 boomerangs
 n - 4 boomerangs of dispersal
 q - 80 poisoned darts (quivered)
 r - 113 bolts
 C - 8 curare-tipped darts
 S - 3 javelins
Armour
 c - a +0 hat (worn)
 h - a +2 leather armour of fire resistance (worn)
 o - a +1 buckler (worn)
 E - a cursed +0 cloak (worn)
 H - a +0 pair of boots (worn)
 I - a +0 pair of gloves (worn)
 O - +0 acid dragon scales
 P - a +0 troll leather armour
 Q - a +0 kite shield
Jewellery
 f - an amulet of reflection (around neck)
 k - an uncursed ring of magical power
 t - an uncursed ring of resist corrosion
 F - a ring of magical power (left hand)
 M - a ring of wizardry (right hand)
Wands
 b - a wand of iceblast (19)
 J - a wand of enslavement (17)
 L - a wand of digging (1)
Scrolls
 m - 6 scrolls of teleportation
 v - 2 scrolls of fear
 D - 7 scrolls of remove curse
 K - 2 scrolls of magic mapping
 T - a scroll of summoning
 V - 2 scrolls of identify
Potions
 d - 3 potions of lignification
 e - 2 potions of flight
 j - 4 potions of cancellation
 p - a potion of magic
 u - 4 potions of curing
 x - a potion of resistance
 A - 2 potions of mutation
 B - a potion of haste
 N - a potion of heal wounds
 R - a potion of ambrosia
Miscellaneous
 W - a tin of tremorstones (1/2)


   Skills:
 - Level 6.9 Fighting
 - Level 1.7 Dodging
 - Level 1.7 Stealth
 - Level 11.3 Shields
 - Level 11.6 Spellcasting
 - Level 7.4 Conjurations
   Level 1.0 Summonings
 - Level 5.0 Translocations
 + Level 4.6 Ice Magic
 - Level 5.0 Air Magic


You had 9 spell levels left.
You knew the following spells:

 Your Spells              Type           Power        Failure   Level
a - Magic Dart            Conj           ####         1%          1
b - Searing Ray           Conj           #####.       1%          2
c - Stone Arrow           Conj/Erth      ####..       1%          3
d - Mephitic Cloud        Conj/Pois/Air  ####....     1%          3
e - Ignite Poison         Fire/Tmut/Pois ##......     1%          3
f - Dazzling Flash        Conj/Hex       ####..       1%          3
g - Blink                 Tloc           N/A          1%          2
h - Frozen Ramparts       Ice            ####..       1%          3
i - Freezing Cloud        Conj/Ice/Air   #####.....   9%          6

Your spell library contained the following spells:

 Spells                   Type           Power        Failure   Level
 Shock                    Conj/Air       ####         1%          1
 Ensorcelled Hibernation  Hex/Ice        ###...       1%          2
 Poisonous Vapours        Pois/Air       ###...       1%          2
 Swiftness                Air            ####....     1%          2
 Conjure Flame            Conj/Fire      ####....     1%          3
 Gell's Gravitas          Tloc           ####......   1%          3
 Static Discharge         Conj/Air       #####...     1%          3
 Airstrike                Air            ####......   1%          4
 Lightning Bolt           Conj/Air       #####.....   1%          5
 Corona                   Hex            ##.....      2%          1
 Call Imp                 Summ           ###.....     2%          2
 Slow                     Hex            ##......     3%          2
 Confusing Touch          Hex            ##......     6%          3
 Tukima's Dance           Hex            ##......     6%          3
 Yara's Violent Unravell  Hex/Tmut       ##........   16%         5
 Petrify                  Tmut/Erth      ##......     21%         4
 Silence                  Hex/Air        ###.......   21%         5
 Metabolic Englaciation   Hex/Ice        ###.......   22%         5
 Invisibility             Hex            ##......     95%         6


Dungeon Overview and Level Annotations

Branches:
Dungeon (13/15)            Temple (0/1) D:7            Lair (0/6) D:11
    Orc (0/2) D:10
 Vaults: D:13-14

Altars:
Cheibriados
Fedhas
Gozag
Kikubaaqudgha
Makhleb
Nemelex Xobeh
Qazlal
Sif Muna
Trog
Vehumet
Yredelemnul
The Shining One

Shops:
D:4 :   D:11 [*!*   D:13 *

Annotations:
D:3 1 runed translucent door, Rosaphim's ghost, amateur GrBe
D:8 exclusion: upstairs
D:9 2 transporters


Innate Abilities, Weirdness & Mutations

You have very sharp fingernails.
You are mostly covered in sharp spines.
When hurt, damage is shared between your health and your magic reserves.
You regenerate magic rapidly.
Your movements are less encumbered by armour. (ER -4)


Message History

The eight-headed hydra bites you! The eight-headed hydra bites you.
The eight-headed hydra bites you! The eight-headed hydra bites you.
The eight-headed hydra bites you but does no damage.
The eight-headed hydra bites you.
* * * LOW HITPOINT WARNING * * *
You block the eight-headed hydra's attack.
The centaur warrior shoots an arrow.
The arrow hits you!!
* * * LOW HITPOINT WARNING * * *
You see here an arrow.
Press: ? - help, Dir - move target cursor, p - centaur warrior
As you read the scroll of blinking, it crumbles to dust.
Something unseen opens the door.
As you read the scroll of teleportation, it crumbles to dust.
You feel strangely unstable.
The centaur warrior shoots an arrow.
The arrow hits you!
* * * LOW HITPOINT WARNING * * *
As you read the scroll of fog, it crumbles to dust.
The scroll dissolves into smoke.
The centaur warrior shoots an arrow.
The arrow hits you!
You die...

####### ..# #.... .....#
.##+####.# #.... .....# ......#.#
#.... ....######+##....#.####.[..
...........#....#.........
#.........#....#.........
#.....§..§#....+.........
..#####.....§§§§...[)..........
###...........§§@§########.......
..#######.∩....§§§# ...#.###...
.......c(#....§..§# ..#...#...
.........c........# #.#...#...
...(.....#........# #.#...####
####..(..########.# #.........
##.#####.......# #......... #.(#
#.......# #...####..
####(####.......# #.#.####..


You could see a centaur warrior.

Vanquished Creatures
  Azrael (D:13)
  Josephine (D:12)
  A yaktaur captain (D:10)
  2 boulder beetles
  A hydra (D:12)
  Nergalle (D:11)
  A deep elf knight (D:10)
  4 unseen horrors
  Pikel (D:4)
  2 oklob plants (D:11)
  3 ugly things
  2 cyclopes
  An orb spider (shapeshifter) (D:13)
  A gargoyle (D:10)
  A centaur skeleton (D:10)
  2 komodo dragons
  2 hornets
  A queen bee (shapeshifter) (D:13)
  5 trolls
  9 slime creatures
  7 wraiths
  2 wyverns
  A shadow (D:10)
  17 yaks
  A human (shapeshifter) (D:13)
  2 fire elementals (D:13)
  Grum (D:11)
  4 vampire mosquitoes (D:12)
  A steam dragon (D:9)
  Menkaure (D:5)
  2 acid dragons (D:11)
  A water moccasin (D:11)
  4 hell hounds (D:13)
  2 sky beasts
  2 ogres
  10 orc warriors
  3 phantoms
  2 eyes of draining
  A black bear (D:10)
  An ice beast (D:11)
  2 necrophages
  2 wolves (D:11)
  8 centaurs
  2 lemures (D:5)
  2 big kobolds
  3 bullfrogs
  A gnoll sergeant (D:10)
  4 scorpions
  5 killer bees (D:7)
  7 wights
  A howler monkey (D:6)
  A crimson imp (D:4)
  A bullfrog zombie (D:11)
  3 centaur zombies
  9 hounds
  A quasit (D:7)
  5 jellies
  14 orc priests
  20 orc wizards
  3 bullfrog skeletons
  4 iguanas
  3 worker ants
  A hound zombie (D:5)
  2 hound skeletons
  A worker ant zombie (D:4)
  A howler monkey skeleton (D:7)
  9 gnolls
  6 adders
  5 white imps
  4 ufetubi
  An ooze (D:2)
  An adder skeleton (D:5)
  An adder zombie (D:7)
  6 dart slugs
  8 worms
  2 leopard geckos
  64 orcs
  2 ball pythons
  7 giant cockroaches
  5 goblins (D:1)
  5 hobgoblins
  6 jackals
  21 kobolds
  A ball python skeleton (D:5)
  8 bats
  3 frilled lizards
  A jackal skeleton (D:9)
  A leopard gecko zombie (D:4)
  9 rats
389 creatures vanquished.

Vanquished Creatures (others)
  10 fungi (D:5)
  12 plants (D:11)
22 creatures vanquished.

Grand Total: 411 creatures vanquished

Notes
Turn   | Place    | Note
-------+----------+-------------------------------------------
     0 | D:1      | Chiseanne the Demonspawn Hedge Wizard began the quest for
                  | the Orb.
     0 | D:1      | Reached XP level 1. HP: 13/13 MP: 4/4
   382 | D:1      | Gained mutation: When hurt, damage is shared between your
                  | health and your magic reserves. [demonic ancestry]
   382 | D:1      | Reached XP level 2. HP: 17/19 MP: 0/6
  1107 | D:1      | Gained mutation: You have sharp fingernails. [demonic
                  | ancestry]
  1107 | D:1      | Reached XP level 3. HP: 24/24 MP: 5/8
  1312 | D:2      | Found a blossoming altar of Fedhas.
  1455 | D:2      | Learned a level 2 spell: Blink
  1459 | D:2      | Learned a level 3 spell: Mephitic Cloud
  1751 | D:2      | You fall into a shaft and drop 1 floor!
  1933 | D:2      | Noticed a moth of wrath
  1935 | D:2      | Found a bloodstained altar of Trog.
  2560 | D:2      | Gained mutation: You are partially covered in sharp spines.
                  | [demonic ancestry]
  2560 | D:2      | Reached XP level 4. HP: 30/30 MP: 10/10
  2844 | D:3      | Found a runed translucent door.
  2847 | D:3      | Noticed Rosaphim's ghost (amateur GrBe)
  3248 | D:3      | Found a glowing golden altar of the Shining One.
  3284 | D:3      | Reached XP level 5. HP: 35/35 MP: 11/11
  3852 | D:4      | Found Rukhliutt's Book Emporium.
  4403 | D:4      | Found a burning altar of Makhleb.
  4404 | D:4      | Found a radiant altar of Vehumet.
  4418 | D:4      | Reached XP level 6. HP: 36/41 MP: 5/13
  4617 | D:4      | Reached skill level 5 in Spellcasting
  5450 | D:4      | Found a shimmering blue altar of Sif Muna.
  5575 | D:5      | Entered Level 5 of the Dungeon
  5608 | D:5      | Reached skill level 5 in Conjurations
  5894 | D:5      | Noticed Pikel
  5963 | D:4      | Killed Pikel
  5963 | D:4      | Gained mutation: Your movements are slightly less
                  | encumbered by armour. (ER -2) [demonic ancestry]
  5963 | D:4      | Reached XP level 7. HP: 38/46 MP: 3/16
  6203 | D:5      | Gained mutation: You have very sharp fingernails. [demonic
                  | ancestry]
  6203 | D:5      | Reached XP level 8. HP: 39/52 MP: 16/18
  6366 | D:5      | Found Saam's Magic Scroll Emporium.
  6417 | D:5      | Bought a scroll of fog for 28 gold pieces
  6417 | D:5      | Bought a scroll of random uselessness for 14 gold pieces
  6417 | D:5      | Bought a scroll of noise for 14 gold pieces
  6511 | D:5      | Noticed Menkaure
  6522 | D:5      | Killed Menkaure
  7372 | D:6      | Found a radiant altar of Vehumet.
  7387 | D:6      | Became a worshipper of Vehumet
  7464 | D:6      | Reached skill level 1 in Shields
  7846 | D:6      | Found a stormy altar of Qazlal.
  8503 | D:7      | Learned a level 3 spell: Dazzling Flash
  8656 | D:7      | Gained mutation: You are mostly covered in sharp spines.
                  | [demonic ancestry]
  8656 | D:7      | Reached XP level 9. HP: 57/57 MP: 20/20
  8672 | D:7      | Reached skill level 5 in Shields
  9444 | D:7      | Reached * piety under Vehumet
  9444 | D:7      | Offered knowledge of Freeze by Vehumet.
  9784 | D:7      | Found a staircase to the Ecumenical Temple.
 10062 | D:8      | Reached skill level 1 in Translocations
 10107 | D:8      | Found a snail-covered altar of Cheibriados.
 10385 | D:9      | Reached skill level 1 in Air Magic
 10803 | D:9      | Found a basalt altar of Yredelemnul.
 10803 | D:9      | Found an ancient bone altar of Kikubaaqudgha.
 10803 | D:9      | Found a transporter.
 10804 | D:9      | Noticed a flayed ghost
 10822 | D:9      | Found a transporter.
 11053 | D:10     | Entered Level 10 of the Dungeon
 11056 | D:10     | Noticed a troll
 11062 | D:10     | Found a staircase to the Orcish Mines.
 11070 | D:10     | Killed a troll
 11169 | D:10     | Reached ** piety under Vehumet
 11169 | D:10     | Gained mutation: You regenerate magic rapidly. [demonic
                  | ancestry]
 11169 | D:10     | Reached XP level 10. HP: 49/63 MP: 21/21
 11176 | D:10     | Offered knowledge of Searing Ray by Vehumet.
 11286 | D:10     | Learned a level 2 spell: Searing Ray
 11347 | D:10     | Killed an unseen horror
 11449 | D:10     | Reached skill level 5 in Translocations
 11454 | D:10     | Got a spiked plate armour
 11472 | D:10     | Reached skill level 5 in Air Magic
 11671 | D:10     | Got an ebony longbow
 11701 | D:10     | Noticed a gargoyle
 11716 | D:10     | Killed a gargoyle
 11716 | D:10     | Reached skill level 1 in Fighting
 11753 | D:10     | Offered knowledge of Stone Arrow by Vehumet.
 11792 | D:10     | Learned a level 3 spell: Stone Arrow
 12092 | D:10     | Noticed a brown ugly thing
 12092 | D:10     | Noticed a boulder beetle
 12113 | D:10     | Killed a brown ugly thing
 12116 | D:10     | Paralysed by a hornet for 1 turns
 12118 | D:10     | Reached *** piety under Vehumet
 12136 | D:10     | Killed an unseen horror
 12153 | D:10     | Killed a boulder beetle
 12153 | D:10     | Gained mutation: Your movements are less encumbered by
                  | armour. (ER -4) [demonic ancestry]
 12153 | D:10     | Reached XP level 11. HP: 31/75 MP: 16/23
 12376 | D:10     | Found a large runed translucent door.
 12377 | D:10     | Found a large runed translucent door.
 12377 | D:10     | Noticed a deep elf knight
 12630 | D:10     | Noticed a yaktaur captain
 12632 | D:10     | Found a glowing golden altar of the Shining One.
 12643 | D:10     | Killed a deep elf knight
 12947 | D:10     | Killed a yaktaur captain
 12974 | D:10     | Found an opulent altar of Gozag.
 13041 | D:11     | Noticed an oklob plant
 13041 | D:11     | Noticed an oklob plant
 13617 | D:11     | Offered knowledge of Ignite Poison by Vehumet.
 13775 | D:11     | Reached **** piety under Vehumet
 13955 | D:11     | Reached skill level 10 in Spellcasting
 13974 | D:11     | Noticed Nergalle
 14000 | D:11     | Killed Nergalle
 14000 | D:11     | Reached skill level 5 in Fighting
 14147 | D:11     | Found Contoar's Assorted Antiques.
 14147 | D:11     | Found Pucram's Armour Shoppe.
 14147 | D:11     | Found Vika's Distillery.
 14188 | D:11     | Found Bableump's Assorted Antiques.
 14407 | D:5      | Bought a scroll of identify for 28 gold pieces
 14407 | D:5      | Bought a scroll of identify for 28 gold pieces
 14407 | D:5      | Bought a scroll of teleportation for 42 gold pieces
 14407 | D:5      | Bought a scroll of teleportation for 42 gold pieces
 14407 | D:5      | Bought a scroll of brand weapon for 280 gold pieces
 14425 | D:5      | Learned a level 3 spell: Ignite Poison
 14607 | D:11     | Bought a scroll labeled GUCAPNULU for 32 gold pieces
 14634 | D:11     | Bought a potion of curing for 36 gold pieces
 14692 | D:11     | Noticed Grum
 14698 | D:11     | Killed an unseen horror
 14698 | D:11     | Reached skill level 10 in Shields
 14702 | D:11     | Killed Grum
 14702 | D:11     | Offered knowledge of Frozen Ramparts by Vehumet.
 14759 | D:11     | Learned a level 3 spell: Frozen Ramparts
 15056 | D:11     | Found a staircase to the Lair.
 15066 | D:11     | Killed an oklob plant
 15066 | D:11     | Reached XP level 12. HP: 72/86 MP: 26/26
 16698 | D:12     | Noticed a boulder beetle
 16724 | D:12     | Killed a boulder beetle
 17055 | D:12     | Noticed an eight-headed hydra
 17067 | D:12     | Killed an eight-headed hydra
 17246 | D:13     | Noticed Josephine
 17275 | D:12     | Killed Josephine
 17275 | D:12     | Reached ***** piety under Vehumet
 17480 | D:13     | Offered knowledge of Freezing Cloud by Vehumet.
 17643 | D:12     | Learned a level 6 spell: Freezing Cloud
 17731 | D:13     | Found a sparkling altar of Nemelex Xobeh.
 17758 | D:13     | Reached skill level 1 in Ice Magic
 17901 | D:13     | Identified the Papyrus of Fetching Poison
 18005 | D:13     | Noticed Azrael
 18022 | D:13     | Killed Azrael
 18201 | D:13     | Reached XP level 13. HP: 87/95 MP: 23/28
 18262 | D:13     | Found Yczan Lunk's Assorted Antiques.
 18271 | D:13     | Bought 2 scrolls labeled NYRPHU QI OSACSI for 48 gold
                  | pieces
 18293 | D:13     | Identified the +4 longbow "Unuopuoph" {speed, rN++ Str-5
                  | Int+2 Stlth+} (You found it on level 10 of the Dungeon)
 18296 | D:13     | Identified the +4 plate armour "Cuukhoz" {Stlth+} (You
                  | found it on level 10 of the Dungeon)
 18336 | D:13     | Shot with an arrow by a centaur warrior

Illustrated notes

Levels and vault maps discovered:
D:1:      ncdulo_smallfort, layout_basic, minmay_misc_feat_alley
D:2:      layout_rooms, lemuel_doored_altar, tgw_trog
D:3:      layout_basic, nicolae_tso_swordbearing_angel, serial_glass,
          glass_columns_a, glass_columns_a, ebering_ghost_sewer_d
D:4:      layout_basic, grunt_temple_overflow_lords_of_destruction,
          lemuel_blue_sif_altar, serial_shops, nicolae_shop_crystal
D:5:      layout_loops_ring, serial_shops, nicolae_shop_trees, serial_aquarium,
          aquarium_bridge_square [aquarium_subvault_window,
          aquarium_subvault_wall, aquarium_subvault_bridge,
          aquarium_subvault_bridge], aquarium_window_corridor_1,
          aquarium_window_1, aquarium_window_corner, aquarium_view_2c,
          aquarium_view_2f, aquarium_balcony_3a, uniq_menkaure, uniq_pikel
D:6:      layout_loops_ring, grunt_qazlal_sundering, basic_altar
D:7:      layout_basic, minmay_temple_entry_from_below_b
D:8:      layout_basic, nicolae_overflow_hidden_temple, serial_glass,
          glass_columns_a, glass_columns_a, glass_columns_a, glass_columns_b,
          glass_columns_b, glass_columns_b
D:9:      layout_irregular_city, gammafunk_temple_of_torment
D:10:     layout_basic, orc_0_dummy, jmf_multi_god_temple2
D:11:     layout_basic, dpeg_oklobed_lair, grunt_decor_fettered,
          minmay_shop_grid_forest, uniq_nergalle, uniq_grum
D:12:     layout_basic
D:13:     minmay_tile_spiral, layout_stronghold, david_vaults_4, serial_shops,
          kennysheep_mini_moat, shop, nemelex_diamond_rough_becter, uniq_azrael,
          uniq_josephine

Skill      XL: |  1  2  3  4  5  6  7  8  9 10 11 12 |
---------------+-------------------------------------+-----
Conjurations   | 2 3 4 6 7 |  7.4
Spellcasting   | 4 6 7 8 10 11 | 11.6
Shields        | 4 6 8 10 11 | 11.3
Translocations | 4 5 |  5.0
Air Magic      | 3 5 |  5.0
Fighting       | 3 5 6 |  6.9
Ice Magic      | 4 |  4.6
Dodging        | |  1.7
Stealth        | |  1.7
Summonings     | |  1.0

Action                   |  1- 3 |  4- 6 |  7- 9 | 10-12 | 13-15 || total
-------------------------+-------+-------+-------+-------+-------++-------
Melee: Dagger            |    51 |    48 |   163 |   276 |     1 ||   539
Throw: Dart              |       |     1 |     7 |    14 |       ||    22
 Cast: Magic Dart        |   107 |   204 |   252 |   154 |       ||   717
       Mephitic Cloud    |       |     3 |    14 |    56 |     2 ||    75
       Blink             |       |     1 |       |     8 |       ||     9
       Dazzling Flash    |       |       |     5 |     6 |       ||    11
       Searing Ray       |       |       |       |    79 |       ||    79
       Stone Arrow       |       |       |       |     4 |       ||     4
       Ignite Poison     |       |       |       |     6 |       ||     6
       Frozen Ramparts   |       |       |       |     4 |       ||     4
       Freezing Cloud    |       |       |       |     2 |       ||     2
Evoke: Wand              |       |       |       |    10 |       ||    10
       Tin of tremorston |       |       |       |     1 |       ||     1
  Use: Scroll            |    11 |     5 |     7 |     9 |     6 ||    38
       Potion            |       |     2 |       |     5 |       ||     7
 Stab: Sleeping          |     6 |       |     1 |     1 |       ||     8
       Confused          |       |     1 |     6 |    11 |       ||    18
       Invisible         |       |       |     2 |     2 |       ||     4
       Paralysed         |       |       |       |     3 |       ||     3
Armor: Robe              |     3 |     8 |     2 |       |       ||    13
       Leather armour    |       |       |    23 |    60 |     1 ||    84
Dodge: Dodged            |    40 |    25 |    74 |    97 |     3 ||   239
Block: Other             |       |     8 |     6 |       |       ||    14
       Buckler           |       |       |    56 |   184 |     5 ||   245
       Reflection        |       |       |     1 |    18 |     2 ||    21

Table legend: (Time is in decaauts)
 A = Elapsed time spent in this place.
 B = Non-inter-level travel time spent in this place.
 C = Inter-level travel time spent in this place.
 D = Time resting spent in this place.
 E = Time spent auto-exploring this place.
 F = Levels seen in this place.
 G = Mean time per level.
                   A        B        C        D        E       F      G
               +--------+--------+--------+--------+--------+-----+--------+
         Total |  18359 |  17592 |    767 |   6399 |   7564 |  13 | 1412.2 |
       Dungeon |  18359 |  17592 |    767 |   6399 |   7564 |  13 | 1412.2 |
               +--------+--------+--------+--------+--------+-----+--------+

Top non-repeatable levels by time:
    D:10: 2455 daAuts
    D:11: 2269 daAuts
     D:4: 1861 daAuts
     D:5: 1791 daAuts
    D:12: 1569 daAuts
     D:3: 1332 daAuts
     D:2: 1315 daAuts
     D:7: 1202 daAuts
     D:1: 1200 daAuts
     D:6: 1063 daAuts
     D:9: 858 daAuts
    D:13: 756 daAuts
     D:8: 682 daAuts
